AoeStats
← zack

Black Forest

505802890Analyzed
4v4 RM · 2mo ago on Sep 11, 2026· 65m 5s· 8 players
Game mode
Random Map
Map size
Large (8 player)
Population
200
Speed
Normal
Resources
Standard
Victory
Conquest
Starting age
Dark Age
Ending age
Imperial Age
RankedLock teamsTeams togetherTeam positionsShared explorationLock speedFull tech treeHidden civsTurbo modeCheats
Victory
Defeat
🇮🇳 Persians · India
1147
+17
🇨🇳 Teutons · China
1123
+18
🇺🇸 Byzantines · United States
1088
+19
🇺🇸 Dravidians · United States
1085
+19
vs
🇻🇳 Burgundians · Vietnam
1262
-22
🇻🇳 Wei · Vietnam
1247
-22
🇻🇳 Turks · Vietnam
1078
-15
🇻🇳 Persians · Vietnam
1051
-14
The White Wolf
0:38 Loom
13:19 Feudal Age
14:08 Double-Bit Axe
14:07 Horse Collar
15:44 Wheelbarrow
19:47 Castle Age
18:51 Scale Barding Armor
18:58 Forging
19:32 Stone Mining
20:23 Bloodlines
21:36 Heavy Plow
24:29 Hand Cart
28:38 Stone Shaft Mining
33:49 Gold Mining
34:17 Bow Saw
37:50 Imperial Age
36:28 Caravan
37:41 Chain Barding Armor
37:57 Iron Casting
38:37 Conscription
39:16 Gold Shaft Mining
39:23 Elite War Elephant
42:35 Plate Barding Armor
46:20 Blast Furnace
48:12 Husbandry
49:08 Coinage
48:53 Guilds
52:42 Banking
56:39 Devotion
57:52 Hoardings
60:05 Citadels
62:11 Faith
62:35 Masonry
66:06 Architecture
King of the Noobs
3:28 Loom
11:56 Feudal Age
16:27 Castle Age
15:02 Double-Bit Axe
15:03 Horse Collar
18:17 Wheelbarrow
22:36 Heavy Plow
24:35 Gold Mining
24:56 Fletching
25:07 Padded Archer Armor
28:40 Hand Cart
28:13 Town Watch
31:08 Imperial Age
29:10 Thumb Ring
29:05 Bodkin Arrow
30:04 Ballistics
30:18 Bow Saw
32:10 Guilds
31:32 Elite Elephant Archer
32:39 Bracer
32:55 Leather Archer Armor
34:01 Chemistry
36:15 Husbandry
35:38 Light Cavalry
36:34 Scale Barding Armor
36:39 Forging
38:43 Ring Archer Armor
38:35 Chain Barding Armor
41:37 Stone Mining
42:24 Caravan
43:00 Masonry
45:08 Devotion
49:10 Iron Casting
49:04 Guard Tower
48:59 Arrowslits
53:11 Town Patrol
54:15 Blast Furnace
57:11 Coinage
58:33 Keep
57:56 Murder Holes
61:10 Banking
61:23 Heavy Scorpion
64:10 Two-Man Saw
zack
11:48 Feudal Age
11:35 Loom
17:53 Horse Collar
18:00 Double-Bit Axe
25:38 Castle Age
24:12 Fletching
24:26 Stone Mining
27:27 Bodkin Arrow
kneehao
1:22 Loom
12:03 Feudal Age
13:16 Double-Bit Axe
18:50 Castle Age
16:46 Horse Collar
24:18 Heavy Plow
28:10 Wheelbarrow
28:22 Stone Mining
31:45 Imperial Age
29:18 Gold Mining
31:03 Hand Cart
31:40 Elite Skirmisher
31:52 Pikeman
32:33 Squires
32:24 Fletching
32:35 Padded Archer Armor
33:09 Conscription
32:53 Scale Mail Armor
32:32 Halberdier
34:33 Chemistry
34:12 Bodkin Arrow
34:33 Leather Archer Armor
35:11 Bracer
35:22 Thumb Ring
35:37 Bow Saw
38:07 Two-Man Saw
38:16 Guilds
38:37 Coinage
38:19 Guilds
42:09 Ring Archer Armor
41:55 Chain Mail Armor
41:53 Forging
42:36 Ballistics
44:03 Treadmill Crane
47:05 Plate Mail Armor
49:48 Husbandry
49:44 Light Cavalry
51:31 Hussar
52:54 Scale Barding Armor
53:47 Crop Rotation
54:36 Iron Casting
59:46 Chain Barding Armor
vietnam
0:33 Loom
12:27 Feudal Age
14:25 Double-Bit Axe
17:03 Castle Age
17:38 Husbandry
25:01 Bow Saw
25:34 Scale Barding Armor
26:50 Gold Mining
27:39 Wheelbarrow
30:15 Forging
35:04 Scale Mail Armor
46:06 Imperial Age
43:59 Pikeman
44:40 Squires
45:46 Halberdier
46:46 Chain Mail Armor
5400100
10:37 Feudal Age
12:02 Double-Bit Axe
13:43 Horse Collar
18:44 Castle Age
16:50 Gold Mining
19:10 Scale Barding Armor
21:51 Stone Mining
23:44 Wheelbarrow
23:34 Bow Saw
23:42 Heavy Plow
28:10 Gold Shaft Mining
34:38 Imperial Age
33:00 Stone Shaft Mining
33:01 Forging
33:38 Husbandry
33:50 Bloodlines
34:37 Hand Cart
35:25 Iron Casting
35:11 Chain Barding Armor
34:46 Fletching
34:59 Heavy Hei Guang Cavalry
38:02 Blast Furnace
37:28 Conscription
38:55 Caravan
41:45 Squires
41:07 Pikeman
42:50 Scale Mail Armor
44:17 Chain Mail Armor
45:39 Crop Rotation
45:33 Halberdier
52:22 Bodkin Arrow
58:40 Arson
nguyenductuqtqt
9:09 Loom
12:40 Feudal Age
13:08 Loom
18:01 Castle Age
20:54 Double-Bit Axe
27:34 Imperial Age
27:36 Bow Saw
H 2 0
1:15 Loom
10:56 Feudal Age
14:52 Castle Age
13:20 Double-Bit Axe
14:12 Bow Saw
18:44 Two-Man Saw
20:48 Wheelbarrow
21:37 Horse Collar
22:30 Heavy Plow
22:53 Gold Mining
24:27 Hand Cart
25:27 Gold Shaft Mining
24:45 Stone Mining
29:13 Imperial Age
26:34 Town Watch
28:04 Stone Shaft Mining
27:48 Padded Archer Armor
27:39 Fletching
29:14 Leather Archer Armor
28:55 Bodkin Arrow
30:54 Chemistry
30:15 Conscription
30:05 Bracer
31:07 Ballistics
31:05 Scale Mail Armor
31:15 Forging
31:38 Crop Rotation
31:52 Burgundian Vineyards
32:19 Chain Mail Armor
32:40 Iron Casting
31:47 Treadmill Crane
33:33 Elite Skirmisher
36:32 Bombard Tower
36:44 Murder Holes
40:50 Capped Ram
42:03 Caravan
49:56 Plate Mail Armor
50:27 Blast Furnace
48:48 Pikeman
49:28 Squires
51:45 Halberdier
Connection lost

Rejoining the realm…

Still unreachable

The connection could not be restored.

Session expired

The server has moved on; the page needs a fresh start.